 Dungeon Crawl Stone Soup version 0.28-a0-998-gb9e9c7b67e (webtiles) character file.

Game seed: 1214605282573947750

63 ytrimaz the Insei (level 4, -1/29 HPs)
             Began as an Octopode Transmuter on Dec 5, 2021.
             Slain by a quokka (4 damage)
             ... on level 2 of the Dungeon.
             The game lasted 00:02:09 (2051 turns).

ytrimaz the Insei (Octopode Transmuter)             Turns: 2051, Time: 00:02:10

Health: -1/29      AC:  1    Str:  9    XL:     4   Next: 9%
Magic:  7/7        EV: 13    Int: 17    God:
Gold:   85         SH:  0    Dex: 12    Spells: 6/7 levels left

rFire   . . .      SeeInvis .     - Unarmed
rCold   . . .      Faith    .   (no shield)
rNeg    . . .      Spirit   .   (helmet currently unavailable)
rPois   .          Reflect  .   (no amulet)
rElec   .          Harm     .   (no ring)
rCorr   .          Rampage  .   (no ring)
Will    .....                   (no ring)
Stlth   ++........              (no ring)
HPRegen 0.09/turn               (no ring)
MPRegen 0.10/turn               (no ring)
                                (no ring)
                                (no ring)

@: appendages (expiring)
A: tentacle spike 3, almost no armour, amphibious, 8 rings, camouflage 1,
gelatinous body 1, (nimble swimmer 1), tentacles
a: End Transformation


You were on level 2 of the Dungeon.
One of your tentacles had grown a beastly spike.
You visited 1 branch of the dungeon, and saw 2 of its levels.

You collected 85 gold pieces.

Inventory:

Scrolls
 b - a scroll of teleportation {unknown}
Potions
 a - a potion of resistance


   Skills:
 * Level 1.8 Fighting
 - Level 2.0 Dodging
 + Level 3.9 Unarmed Combat
 + Level 2.4 Spellcasting
 + Level 2.4 Transmutations


You had 6 spell levels left.
You knew the following spells:

 Your Spells              Type           Power      Damage    Failure   Level
a - Beastly Appendage     Tmut           20%        N/A       7%          1

Your spell library contained the following spells:

 Spells                   Type           Power      Damage    Failure   Level
 Wereblood                Tmut           10%        N/A       11%         2
 Spider Form              Tmut/Pois      6%         N/A       34%         3
 Ignite Poison            Fire/Tmut/Pois 4%         N/A       36%         3
 Conjure Flame            Conj/Fire      2%         6-21      50%         3
 Ice Form                 Ice/Tmut       6%         N/A       75%         4
 Sticky Flame             Conj/Fire      2%         2d3       88%         4


Dungeon Overview and Level Annotations

Branches:
Dungeon (2/15)

Altars:

Shops:
D:2 (:


Innate Abilities, Weirdness & Mutations

One of your tentacles has grown a beastly spike.
You cannot wear most types of armour.
You are amphibious.
You can wear up to eight rings at the same time.
Your skin changes colour to match your surroundings (Stealth+).
Your rubbery body absorbs attacks. (AC +1, EV +1)
((You are camouflaged near water. (Stealth+)))
You have tentacles for arms and can constrict up to eight enemies at once.


Message History

Things that are here:
a +0 dagger; a giant cockroach corpse; an adder corpse Your tentacle spike disappears.
You now have 85 gold pieces (gained 13).
There is an entrance to Iray's Weapon Boutique here.
A kobold comes into view. It is wielding a +0 whip.
There is an entrance to Hulixud's Book Boutique here.
The kobold shouts!
One of your tentacles grows a vicious spike.
You closely miss the kobold. You grab the kobold.
You constrict the kobold, but do no damage.
The kobold hits you with a +0 whip.
You barely miss the kobold.
You constrict the kobold, but do no damage.
The kobold hits you with a +0 whip.
You tentacle-slap the kobold.
You pierce the kobold, but do no damage.
The kobold is moderately wounded.
You constrict the kobold. The kobold hits you with a +0 whip.
* * * LOW HITPOINT WARNING * * *
You tentacle-slap the kobold.
You kill the kobold!
You start to feel less resistant.
You see here a +0 whip.
Your transformation is almost over.
Magic restored.
A quokka comes into view.
A quokka is nearby!
A quokka is nearby!
A quokka is nearby!
Your resistance to elements expires.
An endoplasm comes into view.
You tentacle-slap the quokka but do no damage.
Your grab misses the quokka. Your squeeze misses the quokka.
The quokka bites you.
* * * LOW HITPOINT WARNING * * *
You tentacle-slap the quokka. You grab the quokka.
You pierce the quokka.
The quokka is moderately wounded.
You constrict the quokka. The quokka bites you.
You die...

#........#.#....#..#
#
#........#.#....##.#
#
#........#..∩...##.#
#
#...................
.
#.................#.#
#......)..........#
#.................#
###.......r.......#
#......@.#.####...
#............# ...
#####...####...
#..##. ##. #..#. ..
#.# .. .. .. #. #.J


You could see an endoplasm (asleep) and a quokka.

Vanquished Creatures
  3 adders (D:2)
  A dart slug (D:1)
  5 endoplasms (D:1)
  2 giant cockroaches
  3 goblins (D:1)
  2 hobgoblins
  2 jackals (D:1)
  A kobold (D:2)
  A quokka (D:1)
  A ball python (D:1)
  2 bats (D:1)
  2 frilled lizards (D:1)
  9 rats
34 creatures vanquished.

Notes
Turn   | Place    | Note
-------+----------+-------------------------------------------
     0 | D:1      | ytrimaz the Octopode Transmuter began the quest for the
                  | Orb.
     0 | D:1      | Reached XP level 1. HP: 13/13 MP: 3/3
   197 | D:1      | Reached XP level 2. HP: 14/18 MP: 3/5
   789 | D:1      | Reached XP level 3. HP: 23/23 MP: 4/6
  1698 | D:2      | Found Iray's Weapon Boutique.
  1698 | D:2      | Found Hulixud's Book Boutique.
  1709 | D:2      | HP: 1/24 [poisoned by an adder]
  2012 | D:2      | Reached XP level 4. HP: 15/29 MP: 5/7
  2051 | D:2      | Slain by a quokka

Illustrated notes

Levels and vault maps discovered:
D:1:      dpeg_arrival_windows_large_door, layout_rooms
D:2:      minmay_wonky_spiral, layout_basic, serial_shops, nicolae_shop_crystal,
          shop, nicolae_shop_temple_entry_statues_fountains, nicolae_shop_trees,
          basic_altar, minmay_misc_feat_doors, minmay_circled_x

Action                   |  1- 3 |  4- 6 || total
-------------------------+-------+-------++-------
Melee: Unarmed           |    66 |     7 ||    73
       Constrict         |    16 |     3 ||    19
       Tentacles         |     8 |       ||     8
       Kick              |    11 |     3 ||    14
       Punch             |     1 |       ||     1
 Cast: Beastly Appendage |    15 |     1 ||    16
  Use: Scroll            |     2 |       ||     2
       Potion            |     2 |       ||     2
Armor: Skin              |     4 |       ||     4
Dodge: Dodged            |    41 |       ||    41

Table legend: (Time is in decaauts)
 A = Elapsed time spent in this place.
 B = Non-inter-level travel time spent in this place.
 C = Inter-level travel time spent in this place.
 D = Time resting spent in this place.
 E = Time spent auto-exploring this place.
 F = Levels seen in this place.
 G = Mean time per level.
                   A        B        C        D        E       F      G
               +--------+--------+--------+--------+--------+-----+--------+
         Total |   2046 |   2040 |      6 |    713 |   1036 |   2 | 1023.0 |
       Dungeon |   2046 |   2040 |      6 |    713 |   1036 |   2 | 1023.0 |
               +--------+--------+--------+--------+--------+-----+--------+

Top non-repeatable levels by time:
     D:1: 1287 daAuts
     D:2: 758 daAuts
